Map: Efflorescence LE

Players

elfman

  • Race: Terran Terran
  • Spawn Location: 6:00

GamingPanda

  • Race: Zerg Zerg
  • League: Diamond
  • Spawn Location: 9:00

Cthulhu

  • Race: Terran Terran
  • Spawn Location: 3:00

Throwfordays

  • Race: Zerg Zerg
  • League: Silver
  • Spawn Location: 12:00

VOD

Have the link to the VOD?

Description

Time

  • Played on: July 19, 2020, 7:52 p.m.
  • Length: 12:52
Show
View Real Time Build Order
Export as new Build Order

elfman Terran 

Build Orders: 2 Factory 

Get SALT Encoding   

  12  0:03  SCV  
  13  0:17  Supply Depot  
  13  0:20  SCV  
  14  0:32  SCV  
  15  0:42  Engineering Bay  
  15  0:44  SCV  
  16  0:56  SCV, Supply Depot  
  17  1:06  Barracks  
  17  1:08  SCV  
  18  1:33  SCV  
  18  1:34  Refinery x2  
  19  1:45  SCV  
  20  1:57  SCV  
  21  2:09  SCV  
  21  2:14  Command Center  
  22  2:21  SCV  
  23  2:39  Factory  
  23  2:48  Missile Turret  
  22  3:02  Factory  
  22  3:10  Missile Turret  
  22  3:12  Missile Turret  
  22  3:19  SCV, Missile Turret  
  23  3:27  Factory Tech Lab  
  23  3:49  Factory Reactor  
  23  3:52  SCV  
  24  4:04  SCV  
  24  4:05  Cyclone  
  28  4:16  SCV  
  29  4:20  SCV  
  30  4:26  Infernal Pre-Igniter  
  30  4:28  SCV  
  31  4:32  SCV  
  31  4:37  Hellion  
  34  4:41  SCV, Hellion  
  34  4:44  SCV  
  38  4:53  SCV  
  38  4:55  Hellion  
  38  4:56  SCV  
  38  4:58  Cyclone  
  45  5:05  SCV  
  46  5:11  Supply Depot  
  46  5:13  Supply Depot  
  46  5:14  Supply Depot  
  46  5:32  SCV, Cyclone  
  46  5:33  Hellion x2  
  54  5:45  Mag-Field Accelerator  
  54  6:00  SCV  
  55  6:06  Supply Depot  
  55  6:07  Supply Depot  
  55  6:08  Supply Depot  
  55  6:12  SCV  
  55  6:13  Supply Depot  
  55  6:17  Cyclone  
  59  6:19  Hellion x2  
  63  6:27  Supply Depot  
  63  6:30  Supply Depot  
  63  6:39  Orbital Command  
  63  6:40  Hellion x2  
  67  6:47  Barracks  
  67  6:49  Cyclone  
  67  6:51  Supply Depot  
  67  6:53  Supply Depot  
  70  7:01  Hellion  
  72  7:21  Cyclone  
  58  8:08  Barracks Tech Lab  
  58  8:17  Barracks  
  58  8:20  Barracks  
  58  8:26  Siege Tank  
  61  8:29  Hellion  
  61  8:30  Hellion  
  61  8:31  Barracks Tech Lab  
  65  8:34  Terran Infantry Weapons Level 1  
  65  8:36  Command Center  
  65  8:46  Combat Shield  
  65  8:50  SCV  
  65  8:51  Hellion x2  
  70  8:57  Refinery  
  70  8:58  Siege Tank  
  70  9:01  Refinery  
  73  9:02  SCV  
  73  9:03  Concussive Shells  
  74  9:12  Hellion x2  
  74  9:15  SCV  
  79  9:20  Orbital Command  
  79  9:25  Barracks Reactor x2  
  79  9:27  SCV  
  79  9:30  Siege Tank  
  83  9:34  Hellion x2  
  87  9:39  SCV  
  88  9:51  SCV  
  89  10:03  SCV, Siege Tank  
  89  10:05  Stimpack  
  69  10:15  SCV  
  70  10:27  SCV  
  71  10:28  Terran Infantry Armor Level 1  
  71  10:35  Siege Tank  
  74  10:40  Planetary Fortress  
  62  11:06  Marine x5  
  62  11:07  Siege Tank  
  70  11:23  Marine  
  70  11:24  Marine x4  
  70  11:25  SCV  
  76  11:30  Marine  
  77  11:37  SCV  
  77  11:39  Siege Tank  
  81  11:41  Marine  
  81  11:42  Marine x4  
  81  11:45  Supply Depot  
  81  11:46  Supply Depot  
  86  11:48  Marine, Supply Depot  
  86  11:49  Supply Depot, SCV  
  88  11:59  Marine  
  88  12:00  Marine x4  
  93  12:01  SCV  
  93  12:06  Marine  
  95  12:10  Barracks  
  95  12:11  Barracks, Siege Tank  
  95  12:12  Barracks  
  95  12:13  SCV  
  95  12:14  Supply Depot  
  99  12:16  Supply Depot  
  99  12:17  Marine x5  
  104  12:23  Marine  
  110  12:38  Supply Depot  
  110  12:40  Supply Depot  
Show
View Real Time Build Order
Export as new Build Order

GamingPanda Zerg 

Build Orders: Hatch First, Muta Ling Bane 

Get SALT Encoding   

  12  0:02  Drone  
  13  0:13  Overlord  
  13  0:18  Drone  
  14  0:31  Drone  
  14  0:32  Drone  
  16  0:52  Hatchery  
  16  0:56  Drone  
  16  0:59  Drone  
  16  1:02  Drone  
  18  1:14  Extractor  
  17  1:18  Spawning Pool  
  17  1:21  Drone  
  17  1:26  Drone  
  17  1:31  Drone  
  19  1:39  Overlord  
  19  1:59  Drone  
  20  2:03  Drone  
  20  2:04  Drone  
  20  2:05  Queen  
  20  2:06  Queen  
  26  2:14  Metabolic Boost  
  26  2:21  Drone  
  27  2:24  Drone x2  
  29  2:34  Overlord  
  30  2:37  Drone  
  30  2:41  Zergling x2  
  31  2:54  Zergling x4  
  33  3:07  Zergling x2  
  33  3:08  Zergling x4  
  36  3:17  Queen  
  36  3:18  Drone  
  36  3:19  Drone x3  
  42  3:28  Drone x2  
  42  3:29  Evolution Chamber  
  42  3:30  Evolution Chamber  
  42  3:31  Overlord x2  
  42  3:42  Drone  
  43  3:57  Drone  
  43  3:58  Drone x3  
  43  3:59  Drone x4  
  43  4:00  Drone  
  43  4:02  Extractor  
  51  4:03  Spore Crawler  
  51  4:04  Spore Crawler  
  49  4:12  Drone  
  49  4:16  Extractor x2  
  48  4:33  Lair  
  48  4:38  Drone x2  
  50  4:39  Drone  
  50  4:43  Baneling Nest  
  50  4:48  Drone x3  
  50  4:49  Drone x2  
  50  4:50  Drone  
  56  5:19  Overlord x3  
  56  5:22  Zerg Melee Weapons Level 1, Zerg Ground Armor Level 1  
  56  5:42  Zergling x18  
  65  5:48  Drone x3  
  65  5:49  Centrifical Hooks  
  65  5:54  Extractor, Hatchery  
  65  5:56  Extractor  
  59  6:04  Baneling x5  
  59  6:05  Baneling x3  
  59  6:07  Zergling x2  
  59  6:08  Zergling x4  
  62  6:14  Spire  
  61  6:35  Baneling x2  
  61  6:36  Baneling x3  
  61  6:44  Drone x9  
  70  6:47  Drone  
  70  6:50  Drone  
  70  6:51  Drone  
  73  7:02  Overseer  
  73  7:07  Queen  
  75  7:15  Drone  
  75  7:16  Drone x4  
  75  7:18  Drone x2  
  82  7:28  Mutalisk x3  
  82  7:29  Mutalisk  
  90  7:30  Overlord x3  
  90  7:49  Zerg Flyer Weapons Level 1  
  90  7:51  Mutalisk x2  
  90  7:52  Mutalisk x4  
  90  7:58  Spore Crawler  
  101  8:03  Spine Crawler  
  101  8:04  Spine Crawler  
  99  8:30  Mutalisk x5  
  99  8:31  Zergling x2  
  99  8:32  Zergling x8  
  114  8:34  Overlord x4  
  114  8:35  Overlord x2  
  114  8:55  Drone x6  
  120  9:00  Zerg Melee Weapons Level 2, Zerg Ground Armor Level 2  
  120  9:02  Hatchery  
  119  9:03  Hatchery  
  119  9:05  Drone  
  119  9:06  Drone x3  
  119  9:07  Drone x4  
  126  9:32  Mutalisk  
  126  9:33  Mutalisk x6  
  126  9:34  Overlord x3  
  126  9:35  Overlord  
  119  10:34  Infestation Pit  
  118  10:50  Zergling x26  
  118  10:51  Zergling x4  
  111  11:38  Mutalisk  
  111  11:39  Mutalisk x6  
  117  11:40  Mutalisk x4  
  117  11:41  Zergling x20  
  138  11:47  Extractor  
  138  11:48  Spore Crawler  
  138  11:49  Extractor  
  135  12:19  Drone  
  135  12:20  Drone x3  
  134  12:25  Drone x2  
Show
View Real Time Build Order
Export as new Build Order

Cthulhu Terran 

Build Orders:  

Get SALT Encoding   

  12  0:02  SCV  
  13  0:14  SCV  
  14  0:21  Supply Depot  
  14  0:26  SCV  
  15  0:43  SCV  
  16  0:51  Barracks  
  16  0:55  SCV  
  17  1:00  Refinery  
  17  1:19  Supply Depot  
  17  1:22  SCV  
  18  1:34  Engineering Bay  
  18  1:39  SCV  
  19  1:50  Command Center  
  19  1:53  Marine  
  20  1:58  SCV  
  21  2:13  Orbital Command  
  21  2:30  Marine  
  22  2:38  Supply Depot  
  22  2:39  Supply Depot  
  22  2:40  SCV  
  23  2:52  Barracks, Barracks Tech Lab  
  23  3:06  Orbital Command  
  23  3:13  Stimpack  
  23  3:18  Terran Infantry Weapons Level 1  
  23  3:28  SCV  
  23  3:30  Marine  
  25  3:41  Factory  
  25  3:42  SCV x2  
  26  3:54  SCV  
  26  3:55  SCV  
  28  3:56  Marine  
  30  4:10  SCV x2  
  31  4:18  Marauder  
  33  4:25  SCV x2  
  36  4:38  SCV x2  
  36  4:42  Barracks  
  37  4:48  Barracks  
  37  4:49  Barracks  
  37  4:53  Supply Depot, Combat Shield, Marauder  
  37  4:58  Supply Depot  
  39  5:00  Supply Depot  
  39  5:02  SCV x2  
  39  5:04  Widow Mine  
  43  5:08  Refinery  
  43  5:14  SCV x2  
  43  5:19  Armory  
  45  5:21  Refinery  
  45  5:24  Refinery  
  45  5:37  SCV x2  
  45  5:40  Barracks Tech Lab x3  
  46  5:51  Bunker  
  46  6:03  SCV x2  
  46  6:04  Marauder x2  
  52  6:05  Marauder x2  
  52  6:06  Concussive Shells  
  56  6:16  SCV x2  
  58  6:26  Terran Infantry Armor Level 1, Command Center  
  58  6:31  Marauder x3  
  64  6:34  Marauder  
  66  6:56  Marauder x2  
  66  6:57  Marauder x2  
  66  6:58  SCV x2  
  76  7:08  Widow Mine  
  78  7:10  SCV x2  
  78  7:13  Starport  
  80  7:15  Factory  
  80  7:31  Marauder  
  80  7:32  Marauder x2  
  85  7:56  Widow Mine, Marauder  
  85  7:57  Marauder  
  85  7:58  Marauder  
  93  8:05  Orbital Command  
  93  8:10  Refinery  
  93  8:11  Refinery, Marauder  
  95  8:17  Medivac  
  95  8:18  Factory Reactor x2, Marauder  
  98  8:42  Missile Turret x2  
  98  8:43  Missile Turret  
  98  8:46  Missile Turret  
  98  8:51  Missile Turret  
  98  8:52  Missile Turret x2  
  98  8:53  Missile Turret x2  
  98  8:55  Marine  
  98  8:56  Marine x2  
  98  9:01  Marine  
  102  9:11  Factory Tech Lab  
  102  9:13  Marine x2  
  102  9:14  Marine  
  102  9:16  Medivac  
  102  9:17  Medivac  
  109  9:18  Marine  
  110  9:31  Marine x2  
  112  9:59  SCV x2  
  114  10:00  Marine  
  115  10:18  SCV x2  
  117  10:24  Supply Depot  
  117  10:25  Supply Depot x3  
  117  10:29  Marine x2  
  117  10:30  Marauder x2  
  123  10:47  Marine, Marauder  
  96  11:23  Marine x2  
  96  11:24  Marine  
  96  11:25  Widow Mine x2  
  74  11:38  Viking  
  74  11:39  Viking  
  66  11:42  Thor  
  63  11:56  Marine  
  65  12:09  Widow Mine x2  
Show
View Real Time Build Order
Export as new Build Order

Throwfordays Zerg 

Build Orders: Hatch First 

Get SALT Encoding   

  12  0:03  Drone  
  13  0:12  Drone  
  14  0:18  Overlord  
  14  0:46  Drone  
  14  0:49  Hatchery  
  14  0:50  Drone  
  14  0:54  Drone  
  16  1:11  Spawning Pool  
  16  1:14  Drone  
  16  1:17  Drone  
  17  1:22  Drone  
  18  1:32  Extractor, Drone  
  18  1:41  Drone  
  19  1:54  Overlord  
  19  1:59  Queen  
  19  2:00  Queen  
  23  2:02  Drone  
  23  2:07  Overlord  
  24  2:24  Zergling x4  
  24  2:26  Zergling x2  
  24  2:27  Zergling x2  
  28  2:31  Metabolic Boost  
  28  2:58  Drone, Baneling Nest  
  29  3:00  Extractor  
  29  3:01  Drone x2  
  29  3:07  Zergling x6  
  29  3:12  Drone x3  
  35  3:17  Drone  
  35  3:18  Drone  
  37  3:20  Zergling x2  
  38  3:29  Zergling x2  
  39  3:47  Baneling  
  39  3:48  Baneling x4  
  39  3:49  Baneling x2  
  39  3:53  Drone x5  
  44  3:56  Overlord x2  
  44  4:18  Zergling x4  
  44  4:21  Zergling x6  
  44  4:23  Zergling x6  
  52  4:28  Zergling x2  
  53  4:40  Lair  
  53  4:47  Drone x2  
  53  4:50  Drone x3  
  53  4:51  Drone x2  
  60  5:02  Overlord  
  60  5:05  Overlord x3  
  60  5:34  Baneling x4  
  60  5:35  Baneling x2  
  60  5:37  Centrifical Hooks  
  60  5:40  Zergling x8  
  61  6:02  Zergling x4  
  63  6:06  Extractor  
  63  6:07  Extractor, Drone x5  
  63  6:08  Drone  
  67  6:17  Drone  
  68  6:22  Overseer  
  68  6:29  Hatchery  
  67  6:34  Baneling x6  
  67  6:35  Baneling x3  
  67  6:49  Drone x2  
  67  6:51  Zergling x6  
  72  6:55  Zergling x10  
  72  6:56  Zergling x2  
  75  7:40  Zergling x6  
  75  7:41  Zergling x8  
  75  7:44  Zergling x10  
  72  8:00  Queen  
  72  8:01  Drone x2  
  76  8:12  Drone x5  
  81  8:13  Drone  
  82  8:34  Zergling x6  
  85  8:43  Overlord x2  
  85  8:44  Overlord x3  
  85  8:45  Spire  
  84  8:55  Evolution Chamber  
  84  9:01  Queen  
  84  9:02  Overlord x4  
  85  9:09  Extractor  
  84  9:11  Drone x3  
  84  9:12  Extractor  
  84  9:14  Baneling  
  84  9:15  Baneling x6  
  84  9:16  Baneling x3  
  84  9:26  Spore Crawler  
  84  9:27  Spore Crawler  
  75  9:31  Spore Crawler  
  75  9:33  Spore Crawler  
  75  9:34  Spore Crawler  
  75  9:37  Spore Crawler  
  67  9:38  Spore Crawler  
  67  9:44  Spore Crawler  
  65  9:56  Spore Crawler x2  
  65  9:57  Drone x5  
  41  10:08  Zergling x2  
  41  10:10  Queen  
  44  10:21  Zergling x4  
  44  10:26  Drone x2  
  44  10:28  Drone  
  49  10:29  Drone  
  49  10:31  Zergling x4  
  52  10:40  Drone x6  
  58  10:46  Queen  
  59  11:16  Zergling x2  
  59  11:17  Zergling x4  
  58  11:22  Zergling x10  
  63  11:29  Mutalisk x3  
  63  11:32  Mutalisk x2  
  73  11:35  Overlord x4  
  68  11:47  Mutalisk x2  
  68  11:51  Mutalisk  
  74  12:00  Mutalisk  
  73  12:06  Mutalisk x3  
  79  12:09  Mutalisk x3  
Tags
 
Add a new tag
Caveats
  • Supply blocks, unpowered buildings, or Contaminate may cause inaccurate times.
  • Supply counts are checked every 10 seconds.